 Dungeon Crawl Stone Soup version 0.28.0 (webtiles) character file.

Game seed: 8592510022623050064

35 croobank the Chiller (level 3, 0/16 HPs)
             Began as a Vine Stalker Ice Elementalist on Feb 4, 2022.
             Succumbed to an adder's poison
             ... on level 2 of the Dungeon on Feb 5, 2022.
             The game lasted 00:05:56 (956 turns).

croobank the Chiller (Vine Stalker Ice Elementalist) Turns: 956, Time: 00:05:57

Health: 0/16       AC:  2    Str: 10    XL:     3   Next: 33%
Magic:  0/7        EV: 12    Int: 17    God:
Gold:   77         SH:  0    Dex: 14    Spells: 3/7 levels left

rFire   . . .      SeeInvis .   a - +1 dagger (elec)
rCold   . . .      Faith    .   (no shield)
rNeg    . . .      Spirit   +   c - +0 robe
rPois   .          Reflect  .   (no helmet)
rElec   .          Harm     .   (no cloak)
rCorr   .          Rampage  .   (no gloves)
Will    .....                   (no boots)
Stlth   ++........              (no amulet)
HPRegen 0.05/turn               (no ring)
MPRegen 0.10/turn               (no ring)

@: lethally poisoned (0 -> -3)
A: fangs 2, magic shield, antimagic bite, no potion heal 2
a: no special abilities


You were on level 2 of the Dungeon.
You visited 1 branch of the dungeon, and saw 2 of its levels.

You collected 77 gold pieces.

Inventory:

Hand Weapons
 a - a +1 dagger of electrocution (weapon)
 b - a +0 hunting sling
 g - a +1 dagger of speed
Missiles
 e - 20 arrows
Armour
 c - a +0 robe (worn)
Scrolls
 f - a scroll of fog {unknown}
 h - a scroll of identify {unknown}


   Skills:
 + Level 0.5 Short Blades
 + Level 1.7 Dodging
 + Level 2.4 Stealth
 + Level 2.5 Spellcasting
 + Level 4.6 Ice Magic


You had 3 spell levels left.
You knew the following spells:

 Your Spells              Type           Power      Damage    Failure   Level
a - Freeze                Ice            72%        1d9       2%          1
b - Frozen Ramparts       Ice            36%        1d5       9%          3

Your spell library contained the following spells:

 Spells                   Type           Power      Damage    Failure   Level
 Ozocubu's Armour         Ice            18%        N/A       9%          3
 Hailstorm                Conj/Ice       10%        3d5       56%         4


Dungeon Overview and Level Annotations

Branches:
Dungeon (2/15)

Altars:


Innate Abilities, Weirdness & Mutations

You have extremely sharp teeth.
When hurt, damage is shared between your health and your magic reserves.
Your bite disrupts and absorbs the magic of your enemies.
Potions cannot restore your health.


Message History

The bat closely misses you.
The ball python bites you but does no damage.
The ball python grabs you.
You stop ascending the stairs.
The ball python constricts you. The adder bites you.
Casting: Freeze (safe; 2% risk of failure)
Confirm with . or Enter, or press ? or * to list all spells.
The spell is extremely dangerous to miscast (9% risk of failure)!
Continue anyway?
Casting: Frozen Ramparts (extremely dangerous; 9% risk of failure)
Press: ? - help, Dir - look around, f - activate A stone staircase leading up.
The walls around you are covered in ice.
The bat hits you but does no damage.
The ball python bites you but does no damage.
The ball python constricts you. The adder barely misses you.
The wall freezes the goblin.
The goblin hits you but does no damage.
The ball python bites you but does no damage.
The ball python constricts you.
The wall freezes the hobgoblin.
The hobgoblin hits you but does no damage.
The adder bites you.
* * * LOW HITPOINT WARNING * * *
You are lethally poisoned!
The adder poisons you! The bat closely misses you.
The ball python barely misses you. The ball python constricts you.
The adder closely misses you.
The wall freezes the goblin.
You kill the goblin!
The wall freezes the hobgoblin.
The hobgoblin hits you.
* * * LOW HITPOINT WARNING * * *
You aren't carrying any potions.
Blink to where?
Press: ? - help, Dir - move target Your frozen ramparts will break if you move.
Continue?
You escape the ball python's grasp.
The frozen ramparts melt away as you move.
Found 15 arrows.
As you read the scroll labelled SEDGHA HIDATAT, it crumbles to dust.
It was a scroll of blinking.
* * * LOW HITPOINT WARNING * * *
You feel sick.
Found a scroll labelled ODOXID VEESMO.
You die...

.......g...#.#
........S.†#.####
#.......S.......##
#................#
.........b.......#
##.........>.....#
.................#
###.....#........#
#####.#...@.>..#
#........#
#........#
#........#
#....##..(. #....#
..... #..... ....
#...?# ....


You could see an adder, a bat and a ball python.

Vanquished Creatures
  5 endoplasms (D:1)
  3 giant cockroaches
  7 goblins
  3 hobgoblins (D:1)
  2 jackals (D:1)
  3 ball pythons (D:1)
  A bat (D:1)
  2 frilled lizards (D:1)
  A kobold (D:1)
  2 rats (D:1)
29 creatures vanquished.

Notes
Turn   | Place    | Note
-------+----------+-------------------------------------------
     0 | D:1      | croobank the Vine Stalker Ice Elementalist began the quest
                  | for the Orb.
     0 | D:1      | Reached XP level 1. HP: 9/9 MP: 4/4
   108 | D:1      | Reached XP level 2. HP: 13/13 MP: 4/6
   510 | D:1      | Reached XP level 3. HP: 15/16 MP: 5/7
   514 | D:1      | Learned a level 3 spell: Frozen Ramparts
   956 | D:2      | Succumbed to an adder's poison

Illustrated notes

Levels and vault maps discovered:
D:1:      minmay_arrival_nine_rooms, layout_rooms
D:2:      minmay_door_path, layout_rooms, kennysheep_pointless_box,
          minmay_misc_feat_ornament, hangedman_decor_clover_reticule

Action                   || total
-------------------------++-------
Melee: Dagger            ||    32
       Bite              ||    10
 Cast: Freeze            ||    19
       Frozen Ramparts   ||     1
  Use: Scroll            ||     1
 Stab: Sleeping          ||     1
Armor: Robe              ||    18
Dodge: Dodged            ||    31
